woodfighter, chaotic female human Barbarian ----------- --- --.|.--..|.----.--- |...........--....-- |.%................| #-..--.........-...| # ------..--........| -------.....<-- |.......| |-......| |.....--- |..%%.| .G -----....----aG| ...[)......t@a- -----.-...----- |.....| |--..-| |.....-- --......| |.......| --.--..-- ------- woodfighter the Bandit Experience level: 7 Strength: 17 Dexterity: 19 Constitution: 18 Intelligence: 6 Wisdom: 9 Charisma: 6 Health: 0(77) Energy: 19(19) Def: 0 Gold: 0 Moves: 4174 Dungeon seed: sODHbbW8_SIgQuiO Game ID: woodfighter_1561181505 Your Inventory: Weapons a - a +0 battle-axe (weapon in hands) Q - 6 +0 daggers Armor d - an uncursed +1 dwarvish cloak n - an uncursed +0 dwarvish cloak y - a blessed +0 orcish helm N - an uncursed +1 mummy wrapping S - an uncursed +0 dwarvish cloak W - an uncursed +0 dwarvish cloak Y - an uncursed +0 elven mithril-coat Wands O - a wand of lightning (0:4) U - a wand of digging (0:8) Tools c - a +0 unicorn horn g - an uncursed tallow candle (0:200) s - an uncursed bag of holding K - a +0 pick-axe X - an uncursed magic lamp (lit) Gems e - an uncursed worthless piece of yellowish brown glass q - 2 uncursed worthless pieces of violet glass r - an uncursed touchstone z - 2 uncursed worthless pieces of blue glass P - an uncursed worthless piece of white glass T - 2 uncursed worthless pieces of green glass V - an uncursed worthless piece of red glass Contents of the bag of holding: a [uncursed] scroll of genocide a [cursed] scroll of identify a [uncursed] scroll of scare monster a [uncursed] scroll of scare monster a [uncursed] potion of blindness a [cursed] ring of aggravate monster Spells and supernatural/magical abilities: Name Level Category Fail Memory W - pray for help -- divine ? -- Your skills at the end: Miscellaneous Skills bare handed combat [Basic] Weapon Skills axe [Skilled] short sword [Basic] Spellcasting Skills Final Attributes: You were piously aligned. You were sleep resistant. You were poison resistant. You were stealthy. You were fast. You were unlucky. You are dead. You faced a greater challenge. Vanquished creatures: a large dog a tengu 2 horses 2 gnome kings a dwarf mummy 2 housecats a dwarf lord a white unicorn a plains centaur a Woodland-elf a snake a wood nymph 2 shriekers a violet fungus 4 gnome lords a gnomish wizard a kobold mummy 2 elf zombies a kitten 6 dwarves 2 iguanas a hill orc 2 rothes a killer bee 2 hobbits an acid blob 3 large kobolds 5 geckos 2 hobgoblins 2 cave spiders 3 brown molds 3 yellow molds 16 gnomes 9 garter snakes 7 manes 4 jackals 3 foxes a newt 2 goblins 7 grid bugs a bat 6 lichens 116 creatures vanquished. Voluntary challenges: You did not adorn yourself with jewelry or accessories. You did not cause conflict. You were not invisible. You did not have reflection. You were not displaced. You had been an atheist until turn 2459. You used a wielded weapon 150 times, starting on turn 40. You did not apply a unicorn horn. You did not use plumbed fixtures. You did not drink any magical draughts. You were illiterate. You never genocided any monsters. You never polymorphed an object. You never changed form. You cheated in Sokoban 3 times, without finishing. You used no wishes. You never split a pudding. You never wrote Elbereth's name. You never violated your personal moral code. Dungeon overview: The Dungeons of Doom: levels 1 to 9 Level 1 an altar to Mitra a long staircase Level 2 (water) a fountain, a sink Level 3 stairs to The Gnomish Mines Level 4 some fountains Level 5 some fountains Level 6 some fountains Level 7 many fountains Level 8 stairs to Sokoban Level 9 The Gnomish Mines: levels 4 to 6 Level 4 stairs to The Dungeons of Doom Level 5 Level 6 <- You were here Sokoban: Level 7 a magic chest stairs to The Dungeons of Doom History has recorded: On T:1 you entered the Dungeons of Doom to retrieve the Amulet of Yendor! On T:35 you reached level 2 of The Dungeons of Doom. On T:354 you reached level 3 of The Dungeons of Doom. On T:775 you reached level 1 of The Gnomish Mines. On T:781 you advanced to experience level 2. On T:795 you advanced to experience level 3. On T:980 you reached level 4 of The Dungeons of Doom. On T:1606 you reached level 5 of The Dungeons of Doom. On T:1615 you advanced to experience level 4. On T:1961 you reached level 6 of The Dungeons of Doom. On T:1965 you advanced to experience level 5. On T:2187 you reached level 7 of The Dungeons of Doom. On T:2446 you advanced to experience level 6. On T:2459 you prayed to Set. On T:2568 you reached level 8 of The Dungeons of Doom. On T:2975 you reached level 9 of The Dungeons of Doom. On T:3053 you reached level 4 of Sokoban. On T:3368 you reached level 2 of The Gnomish Mines. On T:3578 you advanced to experience level 7. On T:4015 you reached level 3 of The Gnomish Mines. On T:4172 you prayed to Set. Score breakdown: Gold: 0 ( 0 points) Experience: 7 levels ( 600 points) Exploration: 9 levels ( 240 points) Discoveries: 20 items ( 1000 points) Variety of kills: 42 monsters ( 2000 points) Major goal: (nothing yet) ( 0 points) Survival: died (score multiplied by 6) Total score: 23040 Latest messages: g - a candle. There are a few more objects here. There are a few objects here. You hear a distant squeak. You are carrying too much to get through. (3x) You hear a distant squeak. (2x) You stop exploring. A rock piercer suddenly drops from the ceiling! You are hit by a falling rock piercer! The killer bee stings! The killer bee's sting was poisoned, but it doesn't affect you. The killer bee stings! The gnome lord wields a bow! You swing your battle-axe in a wide arc. You kill the killer bee! You smite the killer bee! The killer bee stings! You begin praying to Set. The killer bee stings! (2x) The killer bee's sting was poisoned, but it doesn't affect you. The killer bee stings! (2x) The killer bee's sting was poisoned, but it doesn't affect you. The killer bee stings! The killer bee's sting was poisoned, but it doesn't affect you. The killer bee stings! You die... Final status: Goodbye woodfighter the Barbarian, killed by a killer bee, while praying... You died in The Gnomish Mines on dungeon level 6 with 23040 points, and 0 pieces of gold, after 4174 moves. You were level 7 with a maximum of 77 hit points when you died.